 Dungeon Crawl Stone Soup version 0.22-a0-448-g1fb7470 (webtiles) character file.

123620 iamserjio the Scorcher (level 16, -5/172 HPs)
             Began as an Ogre Fire Elementalist on June 4, 2018.
             Was a High Priest of Vehumet.
             Killed from afar by an ancient lich (47 damage)
             ... with a bolt of acid
             ... on level 2 of the Abyss.
             The game lasted 02:38:40 (57282 turns).

iamserjio the Scorcher (Ogre Fire Elementalist)    Turns: 57282, Time: 02:38:40

Health: -5/172     AC: 15    Str: 22      XL:     16   Next: 90%
Magic:  22/33      EV: 11    Int: 12 (17) God:    Vehumet [*****.]
Gold:   1049       SH: 11    Dex:  8 (9)  Spells: 1/41 levels left

rFire    + . .     SeeInvis +   C - +5 flail "Mowar" {flame, +Rage rC+ SInv}
rCold    + + .     Gourm    .   q - +0 shield of Card Tricks {*Drain rC+ Str+6 Stlth+}
rNeg     . . .     Faith    .   n - +4 troll leather armour
rPois    .         Spirit   .   f - +2 hat
rElec    .         Reflect  .   d - +2 cloak
rCorr    .         Harm     .   (gloves unavailable)
MR       ++...     Rnd*Rage +   (boots unavailable)
Stlth    ++........             (no amulet)
HPRegen  0.78/turn              U - ring of protection from fire
MPRegen  0.23/turn              P - ring of protection from magic

@: about to teleport, studying Shields, drained
A: large, unfitting armour, [berserk 2], [blurry vision 2], [deterioration 2],
[dopey 2], tough skin 1
a: Renounce Religion, Evoke Berserk Rage


You were on level 2 of the Abyss.
You worshipped Vehumet.
Vehumet was extremely pleased with you.
You were hungry.

You visited 5 branches of the dungeon, and saw 25 of its levels.
You visited the Abyss 2 times.
You also visited: Labyrinth and Volcano.

You collected 2359 gold pieces.
You spent 1310 gold pieces at shops.

Inventory:

Hand Weapons
 C - the +5 flail "Mowar" (weapon) {flame, +Rage rC+ SInv}
   (You bought it in a shop on level 2 of the Orcish Mines)

   It has been specially enchanted to burn those struck by it, causing extra
   injury to most foes and up to half again as much damage against particularly
   susceptible opponents.
   It protects you from cold.
   It lets you see invisible.
   It lets you go berserk.
 S - a +5 giant spiked club
Armour
 d - a +2 cloak (worn)
 f - a +2 hat (worn)
 n - a +4 troll leather armour (worn)
 q - the +0 shield of Card Tricks (worn) {*Drain rC+ Str+6 Stlth+}
   (You took it off a red devil on level 6 of the Lair of Beasts)

   It affects your strength (+6).
   It protects you from cold.
   It causes draining when unequipped.
   It makes you more stealthy.
 y - +2 steam dragon scales
 E - a +2 robe of magic resistance
 F - a +0 cloak of invisibility
Magical Staves
 G - an uncursed staff of conjuration
 H - an uncursed staff of power
Jewellery
 l - an uncursed ring of positive energy
 p - a +4 ring of intelligence
 s - an uncursed ring of magical power
 L - an uncursed ring of poison resistance
 O - an uncursed ring of flight
 P - a ring of protection from magic (right hand)
 U - a ring of protection from fire (left hand)
Wands
 i - a wand of paralysis (14)
 t - a wand of acid (21)
 x - a wand of clouds (8)
 J - a wand of disintegration (18)
 K - a wand of iceblast (4)
 R - a wand of digging (12)
 Z - a wand of scattershot (3)
Scrolls
 e - 3 scrolls of enchant weapon
 h - 2 scrolls of teleportation
 o - 10 scrolls of remove curse
 r - 4 scrolls of immolation
 D - 4 scrolls of identify
 T - a scroll of amnesia
 W - 4 scrolls of fear
 Y - a scroll of summoning
Potions
 a - 2 potions of haste
 b - 6 potions of mutation
 g - 6 potions of curing
 j - a potion of magic
 k - 5 potions of might
 m - 3 potions of lignification
 w - 5 potions of heal wounds
 A - 3 potions of brilliance
 M - 3 potions of invisibility
 N - 3 potions of resistance
Books
 Q - a manual of Shields
Miscellaneous
 u - a crystal ball of energy
 v - 2 sacks of spiders
 z - a fan of gales
 B - a box of beasts
 I - a lamp of fire
Comestibles
 c - 8 rations


   Skills:
 + Level 14.3(13.9) Fighting
 - Level 5.5(5.2) Armour
 - Level 5.0(4.7) Dodging
 - Level 1.4(1.1) Stealth
 + Level 9.5(9.2) Shields
 + Level 13.2(12.8) Spellcasting
 + Level 11.2(10.8) Conjurations
 - Level 2.0(1.7) Necromancy
 - Level 2.0(1.7) Translocations
 * Level 16.4(16.0) Fire Magic
 * Level 3.1(2.9) Earth Magic


You had one spell level left.
You knew the following spells:

 Your Spells              Type           Power        Failure   Level  Hunger
a - Flame Tongue          Conj/Fire      #####        1%          1    None
b - Conjure Flame         Conj/Fire      #####...     1%          3    None
c - Sticky Flame          Conj/Fire      #####...     1%          4    ###....
d - Fireball              Conj/Fire      #####.....   1%          5    #####..
e - Sting                 Conj/Pois      ###.         1%          1    None
f - Throw Icicle          Conj/Ice       ###.....     3%          4    ###....
g - Animate Skeleton      Necr           N/A          4%          1    None
h - Lee's Rapid Deconstr  Erth           ##........   22%         5    #####..
i - Bolt of Magma         Conj/Fire/Erth ####......   1%          5    #####..
j - Blink                 Tloc           N/A          8%          2    None
k - Regeneration          Chrm/Necr      #.........   22%         3    None
l - Iron Shot             Conj/Erth      ###.......   24%         6    ######.

Your spell library contained the following spells:

 Spells                   Type           Power        Failure   Level  Hunger
 Cause Fear               Hex            #.........   71%         4    ###....
 Magic Dart               Conj           ####         1%          1    None
 Lightning Bolt           Conj/Air       ###.......   9%          5    #####..
 Slow                     Hex            #.......     16%         2    None
 Confuse                  Hex            #.......     30%         3    None
 Throw Flame              Conj/Fire      #####.       1%          2    None
 Freezing Cloud           Conj/Ice/Air   ###.......   63%         6    ######.
 Mephitic Cloud           Conj/Pois/Air  ###.....     1%          3    None
 Ring of Flames           Chrm/Fire      ####......   97%         7    #######
 Teleport Other           Tloc           ##......     16%         3    None
 Animate Dead             Necr           N/A          45%         4    ###....
 Pain                     Necr           ##..         4%          1    None
 Vampiric Draining        Necr           ##........   16%         3    None
 Ozocubu's Armour         Chrm/Ice       #.......     30%         3    None
 Call Imp                 Summ           #.......     16%         2    None
 Statue Form              Tmut/Erth      ##.......    100%        6    ######.
 Dragon Form              Tmut           #.........   100%        7    #######
 Airstrike                Air            #.........   26%         4    ###....
 Confusing Touch          Hex            #.....       11%         1    None
 Metabolic Englaciation   Hex/Ice        #.........   96%         5    #####..
 Shatter                  Erth           ##........   100%        9    #######
 Static Discharge         Conj/Air       ###.....     1%          3    None
 Corona                   Hex            #......      11%         1    None
 Excruciating Wounds      Chrm/Necr      #.........   89%         5    #####..
 Portal Projectile        Hex/Tloc       #.....       22%         3    None
 Petrify                  Tmut/Erth      ##......     50%         4    ###....
 Passage of Golubria      Tloc           N/A          45%         4    ###....
 Tornado                  Air            #.........   100%        9    #######
 Leda's Liquefaction      Hex/Erth       ##........   50%         4    ###....
 Shroud of Golubria       Chrm/Tloc      #.........   11%         2    None
 Inner Flame              Hex/Fire       ####....     1%          3    None
 Spectral Weapon          Hex/Chrm       #.......     30%         3    None
 Hydra Form               Tmut           #.........   100%        6    ######.
 Irradiate                Conj/Tmut      ###.......   9%          5    #####..
 Gell's Gravitas          Tloc           ##........   16%         3    None
 Yara's Violent Unravell  Hex/Tmut       #.........   54%         5    #####..
 Lesser Beckoning         Tloc           ##........   16%         3    None
 Poisonous Vapours        Pois/Air       #.....       16%         2    None
 Ignition                 Fire           #####.....   24%         8    #######


Dungeon Overview and Level Annotations

Branches:
Dungeon (15/15)            Temple (1/1) D:6            Lair (6/6) D:8
 Shoals (0/4) Lair:2       Spider (0/4) Lair:3        Slime (0/5) Lair:6
    Orc (2/2) D:10            Elf (1/3) Orc:2        Vaults (0/5) D:14
 Depths (0/5) D:15

Altars:
Ashenzari
Cheibriados
Elyvilon
Fedhas
Gozag
Hepliaklqana
Kikubaaqudgha
Makhleb
Nemelex Xobeh
Qazlal
Ru
Sif Muna
Trog
Vehumet
Xom
Yredelemnul
Zin
The Shining One
Beogh

Shops:
D:10 [   D:13 }   Orc:2 ([?}

Portals:
Hell: Lair:6


Innate Abilities, Weirdness & Mutations

You are too large for most types of armour.
You have tough skin. (AC +1)
[You often lose your temper in combat.]
[Scrolls take you longer to read.]
[Your body often deteriorates upon taking damage.]
[You are very dopey. (Int -4)]


Message History

You hit the glowing orange brain. You burn the glowing orange brain.
The glowing orange brain is almost dead.
You sock the ancient lich! You burn the ancient lich.
The ancient lich is lightly damaged.
The ancient lich touches you.
You feel drained.
The glowing orange brain pulsates.
Something tries to feed on your intellect!
The ancient lich casts a spell at you. The bolt of acid hits you!
Your body deteriorates!
You feel dopey.
You are splashed with acid!
The acid burns!
A large abomination comes into view.
The ancient lich touches you! The ancient lich casts a spell at you.
The crystal spear hits you!
* * * LOW HITPOINT WARNING * * *
Your body deteriorates!
You feel dopey. The ancient lich casts a spell at you.
The bolt of acid hits you!
You die...

# ##### # .... #.# .#.. #
... ## . .. ... #
#L.###########.#.# .
..#.....##.....
....#..#.#L..##.#.##.#.
#.#
.....X...Gh.@'......... .'
....####.....##(#..#.####.
/ #.....##.###### #......#
. #...).#### ####### #


You could see an ancient lich, a glowing orange brain, a large abomination and a
raiju.

Vanquished Creatures
  A tengu reaver (D:13)
  Roxanne (D:15)
  A fire giant (D:13)
  Louise (D:14)
  A stone giant (Orc:1)
  Nessos (D:13)
  A minotaur (Lab)
  A dire elephant (Lair:6)
  Josephine (D:13)
  A yaktaur captain (D:15)
  8 vault guards
  12 hydras
  Erolcha (Orc:2)
  3 catoblepae
  2 centaur warriors
  A death knight (D:12)
  3 ogre magi
  A tengu warrior (D:14)
  7 two-headed ogres
  A dancing weapon (Elf:1)
  A sun demon (Lair:6)
  A deep elf knight (Elf:1)
  3 unseen horrors
  A flayed ghost (D:13)
  Pikel (D:5)
  A necromancer (D:14)
  A phantasmal warrior (D:11)
  An orc knight (Orc:2)
  2 wizards
  13 deep elf magi
  2 wolf spiders (Lair:3)
  9 orc sorcerers
  3 manticores
  19 ugly things
  6 cyclopes
  13 elephants
  A merfolk siren (Lair:2)
  A guardian serpent (shapeshifter) (D:15)
  7 black mambas
  A centaur zombie (D:12)
  2 torpor snails
  6 spiny frogs
  2 smoke demons
  4 orange demons (Lair:6)
  A molten gargoyle (D:14)
  A gargoyle (D:10)
  3 komodo dragons
  2 freezing wraiths
  2 yaktaurs
  An ice devil (Lair:6)
  6 rime drakes
  3 efreet (D:14)
  An ancient zyme (Abyss:2)
  A red devil (Lair:6)
  A merfolk (D:14)
  3 meliai (Lair:5)
  3 polar bears
  A hornet (D:9)
  A queen bee (Lair:5)
  8 trolls
  3 tyrant leeches (Lair:3)
  7 slime creatures
  9 blink frogs
  7 dream sheep
  2 raiju (Abyss:3)
  2 large abominations (Abyss:2)
  11 hippogriffs
  A spriggan (shapeshifter) (D:13)
  7 wraiths
  A fire dragon skeleton (Abyss:2)
  The ghost of tsouns the Ruffian, an amateur OgTm (D:3)
  A shadow (D:11)
  2 vampires
  A ynoxinul (Abyss:2)
  A spriggan (D:14)
  37 yaks
  5 wyverns
  A fire bat (Volcano)
  4 basilisks
  3 fire elementals
  19 vampire mosquitoes
  A neqoxec (Abyss:2)
  A steam dragon (D:9)
  A hungry ghost (D:12)
  A chaos spawn (Abyss:3)
  A soldier ant (D:11)
  6 swamp worms (Lair:3)
  8 porcupines
  4 hell hounds (Lair:6)
  14 water moccasins
  24 orc warriors
  2 black bears
  4 ice beasts
  4 sky beasts
  A hornet zombie (D:13)
  18 ogres
  2 eyes of draining
  4 phantoms
  6 wolves
  15 centaurs
  19 crocodiles
  6 big kobolds
  An elf zombie (D:15)
  3 gnoll sergeants (D:10)
  An elf skeleton (D:15)
  15 bullfrogs
  An earth elemental (Orc:2)
  4 small abominations (Abyss:2)
  6 jellies
  A wyvern skeleton (D:7)
  32 killer bees
  2 scorpions
  17 wights
  8 howler monkeys
  An electric eel (Lair:2)
  3 lava snakes (D:14)
  6 crimson imps
  6 hounds
  A bullfrog skeleton (D:11)
  3 human zombies (D:15)
  17 orc priests
  3 human skeletons (D:15)
  Crazy Yiuf (D:2)
  5 centaur skeletons
  An iron imp (Abyss:2)
  3 iguanas
  16 worker ants
  37 orc wizards
  A hell rat (Lair:5)
  An ogre zombie (D:15)
  2 mummies (D:15)
  2 worker ant zombies
  5 gnolls
  10 adders
  A shadow imp (D:13)
  2 white imps
  4 oozes
  An adder skeleton (D:8)
  An adder zombie (D:5)
  4 worms
  A dart slug (D:4)
  3 leopard geckos
  99 orcs
  2 ball pythons
  3 giant cockroaches
  10 goblins
  9 hobgoblins
  12 jackals
  2 quokkas
  9 bats
  3 frilled lizards
  30 kobolds
  A leopard gecko skeleton (D:4)
  8 rats
  A butterfly (Lair:2)
  A fire vortex (D:14)
  2 fungi
  6 plants
885 creatures vanquished.

Vanquished Creatures (others)
  An orc wizard (Orc:2)
  A rat (D:2)
  19 fungi
  29 plants
50 creatures vanquished.

Grand Total: 935 creatures vanquished

Notes
Turn   | Place    | Note
-------+----------+-------------------------------------------
     0 | D:1      | iamserjio the Ogre Fire Elementalist began the quest for the Orb.
     0 | D:1      | Reached XP level 1. HP: 16/16 MP: 3/3
    11 | D:1      | Reached skill level 1 in Conjurations
   467 | D:1      | Reached XP level 2. HP: 24/24 MP: 1/5
   712 | D:1      | Reached skill level 3 in Fire Magic
  1093 | D:1      | Reached XP level 3. HP: 32/32 MP: 2/7
  1431 | D:1      | Reached skill level 1 in Fighting
  2036 | D:2      | Learned a level 3 spell: Conjure Flame
  2527 | D:2      | Found a glowing silver altar of Zin.
  2578 | D:2      | Reached XP level 4. HP: 28/41 MP: 0/8
  3017 | D:2      | Learned a level 4 spell: Sticky Flame
  3025 | D:2      | Found a stormy altar of Qazlal.
  3466 | D:2      | Found a sacrificial altar of Ru.
  3801 | D:2      | Found a runed door.
  4014 | D:2      | Noticed Crazy Yiuf
  4019 | D:2      | Killed Crazy Yiuf
  4019 | D:2      | Reached XP level 5. HP: 49/49 MP: 1/9
  4703 | D:3      | Noticed tsouns's ghost (amateur OgTm)
  5051 | D:3      | Reached skill level 4 in Fire Magic
  5770 | D:4      | Reached XP level 6. HP: 52/59 MP: 0/11
  6005 | D:4      | Noticed a phantom
  6032 | D:4      | Killed a phantom
  6186 | D:4      | Noticed a phantom
  6201 | D:4      | Killed a phantom
  6201 | D:4      | Reached XP level 7. HP: 60/67 MP: 4/12
  6995 | D:3      | Killed tsouns's ghost
  6995 | D:3      | Reached skill level 5 in Fire Magic
  8007 | D:4      | Reached XP level 8. HP: 79/79 MP: 4/14
  8424 | D:5      | Entered Level 5 of the Dungeon
  8497 | D:5      | Noticed Pikel
  8518 | D:5      | Killed Pikel
  8518 | D:5      | Reached skill level 5 in Fighting
  8518 | D:5      | Reached skill level 5 in Spellcasting
  8518 | D:5      | Reached skill level 5 in Conjurations
  8518 | D:5      | Reached skill level 6 in Fire Magic
  8536 | D:5      | Got a steaming dagger
  8545 | D:5      | Identified the +1 dagger "Mapsuclu" {pierce, Str+3} (You found it on level 5 of the Dungeon)
  8823 | D:5      | Found a bloodstained altar of Trog.
  9679 | D:6      | Reached XP level 9. HP: 79/88 MP: 12/17
 10338 | D:6      | Found a staircase to the Ecumenical Temple.
 10346 | Temple   | Entered the Ecumenical Temple
 10383 | Temple   | Became a worshipper of Vehumet
 10415 | D:6      | Learned a level 5 spell: Fireball
 11322 | D:7      | Reached skill level 7 in Fire Magic
 11770 | D:7      | Found a hazy altar of Hepliaklqana.
 11773 | D:7      | Found a glowing golden altar of the Shining One.
 11776 | D:7      | Found a white marble altar of Elyvilon.
 11779 | D:7      | Found an opulent altar of Gozag.
 13044 | D:8      | Noticed a two-headed ogre
 13082 | D:8      | Killed a two-headed ogre
 13082 | D:8      | Reached XP level 10. HP: 80/102 MP: 2/19
 13227 | D:8      | Reached skill level 8 in Fire Magic
 13361 | D:8      | Found a staircase to the Lair.
 13583 | D:8      | Reached * piety under Vehumet
 13583 | D:8      | Offered knowledge of Sting by Vehumet.
 13758 | D:8      | Learned a level 1 spell: Sting
 14407 | D:8      | HP: 5/102 [vampire mosquito (7)]
 14410 | D:8      | HP: 2/102 [vampire mosquito (13)]
 17030 | D:9      | Reached skill level 9 in Fire Magic
 17040 | D:9      | Offered knowledge of Throw Frost by Vehumet.
 17634 | D:10     | Entered Level 10 of the Dungeon
 17650 | D:10     | Noticed a gargoyle
 17659 | D:10     | Killed a gargoyle
 17660 | D:10     | Reached ** piety under Vehumet
 17660 | D:10     | Reached XP level 11. HP: 112/113 MP: 6/22
 17927 | D:10     | Found Worastregg's Antique Armour Boutique.
 17942 | D:10     | Noticed a two-headed ogre
 17949 | D:10     | Killed a two-headed ogre
 18139 | D:10     | Found a staircase to the Orcish Mines.
 18698 | Orc:1    | Entered Level 1 of the Orcish Mines
 18698 | Orc:1    | Found a burning altar of Makhleb.
 18975 | Orc:1    | Noticed a stone giant
 19281 | D:10     | Offered knowledge of Ignite Poison by Vehumet.
 19755 | D:11     | Noticed a two-headed ogre
 19767 | D:10     | Killed a two-headed ogre
 19767 | D:10     | Reached skill level 10 in Fire Magic
 20155 | D:11     | Reached *** piety under Vehumet
 20187 | D:11     | Noticed a two-headed ogre
 20195 | D:11     | Killed a two-headed ogre
 20316 | D:11     | Reached skill level 10 in Conjurations
 20358 | D:11     | Offered knowledge of Throw Icicle by Vehumet.
 20606 | D:11     | Noticed a red ugly thing
 20883 | D:10     | Learned a level 4 spell: Throw Icicle
 21110 | D:11     | Reached XP level 12. HP: 126/126 MP: 10/24
 21806 | D:12     | Noticed a death knight
 21904 | Lair:1   | Entered Level 1 of the Lair of Beasts
 21913 | Lair:1   | Reached skill level 10 in Fighting
 21922 | Lair:1   | Reached **** piety under Vehumet
 22021 | Lair:1   | Noticed a five-headed hydra
 22027 | Lair:1   | Killed a five-headed hydra
 22031 | Lair:1   | Found a labyrinth entrance.
 22059 | Lab      | Entered a labyrinth
 23217 | Lab      | Noticed a minotaur
 23224 | Lab      | Identified Sif Muna's Collected Works on Lucky Lightness
 23225 | Lab      | Killed a minotaur
 23393 | Lair:1   | Learned a level 1 spell: Animate Skeleton
 23451 | Lair:1   | Reached skill level 11 in Fire Magic
 23601 | Lair:1   | Noticed a five-headed hydra
 23606 | Lair:1   | Killed a five-headed hydra
 24456 | Lair:2   | Noticed a six-headed hydra
 24460 | Lair:2   | Killed a six-headed hydra
 24886 | Lair:1   | Offered knowledge of Lee's Rapid Deconstruction by Vehumet.
 25167 | Lair:1   | Learned a level 5 spell: Lee's Rapid Deconstruction
 25748 | Lair:2   | Found a staircase to the Shoals.
 26995 | Lair:3   | Reached skill level 10 in Spellcasting
 26995 | Lair:3   | Reached XP level 13. HP: 133/137 MP: 22/27
 28134 | Lair:3   | Found a hole to the Spider Nest.
 28400 | Lair:3   | Reached skill level 12 in Fire Magic
 28984 | Lair:4   | Found a dark tunnel.
 29017 | Volcano  | Entered a volcano
 29216 | Lair:3   | Reached skill level 5 in Dodging
 31039 | Lair:5   | Reached ***** piety under Vehumet
 31215 | Lair:5   | Offered knowledge of Bolt of Magma by Vehumet.
 31405 | Lair:5   | Reached skill level 1 in Armour
 31405 | Lair:5   | Reached skill level 13 in Fire Magic
 31904 | Lair:5   | Learned a level 5 spell: Bolt of Magma
 31907 | Lair:5   | Learned a level 2 spell: Blink
 31956 | Lair:5   | Reached XP level 14. HP: 29/149 MP: 5/29
 32193 | Lair:5   | Reached skill level 1 in Translocations
 34578 | Lair:6   | Entered Level 6 of the Lair of Beasts
 34752 | Lair:6   | Offered knowledge of Poison Arrow by Vehumet.
 34822 | Lair:6   | Found a staircase to the Slime Pits.
 35588 | Lair:6   | Reached skill level 14 in Fire Magic
 35880 | Lair:6   | Noticed a dire elephant
 35900 | Lair:6   | Killed a dire elephant
 36349 | Lair:6   | Found a burning altar of Makhleb.
 38001 | Lair:6   | Found a gateway to Hell.
 38470 | Orc:1    | Killed a stone giant
 38862 | Orc:2    | Entered Level 2 of the Orcish Mines
 39454 | Lair:6   | Got a translucent shield
 39460 | Lair:6   | Identified the +0 shield of Card Tricks {*Drain rC+ Str+6 Stlth+} (You took it off a red devil on level 6 of the Lair of Beasts)
 39786 | Orc:1    | Reached skill level 1 in Shields
 39786 | Orc:1    | Reached XP level 15. HP: 156/156 MP: 31/31
 40424 | Orc:2    | Found a staircase to the Elven Halls.
 41538 | Orc:2    | Offered knowledge of Ozocubu's Refrigeration by Vehumet.
 41859 | Orc:2    | Reached skill level 5 in Armour
 42212 | Orc:2    | Found Kunon's Gadget Shop.
 42236 | Orc:2    | Noticed Erolcha
 42237 | Orc:2    | Found a radiant altar of Vehumet.
 42240 | Orc:2    | Killed Erolcha
 42376 | Orc:2    | Found Toatem's Magic Scroll Shop.
 42385 | Orc:2    | Bought a scroll of amnesia for 38 gold pieces
 42385 | Orc:2    | Bought a scroll of teleportation for 33 gold pieces
 42385 | Orc:2    | Bought a scroll of fog for 22 gold pieces
 42385 | Orc:2    | Bought a scroll of teleportation for 33 gold pieces
 42385 | Orc:2    | Bought a scroll of teleportation for 33 gold pieces
 42385 | Orc:2    | Bought a scroll of fear for 38 gold pieces
 42387 | Orc:2    | Found an ancient bone altar of Kikubaaqudgha.
 42429 | Orc:2    | Found a roughly hewn altar of Beogh.
 42645 | Orc:2    | Found Xirphir's Antique Armour Boutique.
 42713 | Orc:2    | Found Sosur's Antique Weapon Boutique.
 42740 | Orc:2    | Bought an ichor-stained flail for 272 gold pieces
 42764 | Orc:2    | Bought a scroll of acquirement for 572 gold pieces
 42764 | Orc:2    | Bought a scroll of identify for 22 gold pieces
 42785 | Orc:2    | Identified the +5 flail "Mowar" {flame, +Rage rC+ SInv} (You bought it in a shop on level 2 of the Orcish Mines)
 42904 | D:10     | Bought a jewelled cloak for 247 gold pieces
 42914 | D:10     | Identified the +0 cloak of Xyirchump {Dex+3} (You bought it in a shop on level 10 of the Dungeon)
 44510 | D:12     | Reached skill level 5 in Shields
 45515 | D:13     | Noticed Nessos
 45522 | D:13     | Killed Nessos
 45801 | D:13     | Reached skill level 15 in Fire Magic
 45860 | D:13     | Noticed a fire giant
 45882 | D:13     | Offered knowledge of Bolt of Fire by Vehumet.
 46365 | D:13     | Noticed a tengu reaver
 46381 | D:13     | Killed a tengu reaver
 46769 | D:13     | Killed a fire giant
 46963 | D:13     | Noticed Josephine
 46974 | D:13     | Killed Josephine
 47664 | D:13     | Found Kearheot's Gadget Boutique.
 48389 | D:13     | Reached XP level 16. HP: 148/170 MP: 3/33
 49330 | D:14     | Noticed Louise
 49334 | D:14     | Offered knowledge of Conjure Ball Lightning by Vehumet.
 49346 | D:14     | Cast into level 3 of the Abyss (Louise)
 49403 | Abyss:3  | Learned a level 3 spell: Regeneration
 49456 | Abyss:3  | Noticed a bone dragon
 49508 | D:14     | Escaped the Abyss
 50373 | D:14     | Reached skill level 1 in Necromancy
 50707 | D:14     | Reached skill level 16 in Fire Magic
 50882 | D:14     | Found a gate to the Vaults.
 51572 | D:14     | Killed Louise
 52711 | D:15     | Entered Level 15 of the Dungeon
 52760 | D:15     | Offered knowledge of Iron Shot by Vehumet.
 52770 | D:15     | Learned a level 6 spell: Iron Shot
 53423 | D:15     | Reached skill level 1 in Earth Magic
 54001 | D:15     | Noticed Roxanne
 54246 | D:15     | Found a staircase to the Depths.
 54517 | D:15     | Found a basalt altar of Yredelemnul.
 55066 | D:15     | Killed Roxanne
 55443 | Elf:1    | Entered Level 1 of the Elven Halls
 56603 | Elf:1    | Cast into level 2 of the Abyss (a deep elf demonologist)
 57123 | Abyss:2  | Found a shadowy altar of Dithmenos.
 57267 | Abyss:2  | Noticed an ancient lich
 57282 | Abyss:2  | Killed from afar by an ancient lich

Vault maps used:
D:1:      dpeg_arrival_morbid_curiosity
D:2:      old_standard_altar, grunt_qazlal_clouds, lemuel_crystal_altar,
          first_ration, uniq_crazy_yiuf_cottage
D:3:      cheibrodos_helix_gallery, minmay_tree_intersection,
          serial_bayou_pond_a, minivault_23
D:4:      cheibrodos_old_hovel
D:5:      bloody_trog, uniq_pikel
D:6:      minmay_temple_entry_mist
D:7:      grunt_temple_overflow_cloverleaf
D:8:      david_lair_shrubbed
D:10:     kennysheep_orc_monster_closet_entryway, serial_shops, shop
D:13:     minmay_textured_paths, serial_shops, kennysheep_mini, uniq_nessos,
          uniq_erolcha, uniq_josephine
D:14:     kennysheep_big_flooded_room, erik_vaults_2,
          hangedman_abyss_or_decor_stagger, hangedman_stone_soup,
          lightli_fourway_metalbox, uniq_louise
D:15:     grunt_enter_depths_snipers, lemuel_mausoleum_altar_yredelemnul,
          uniq_roxanne
Temple:   regret_index_temple_waves
Lair:1:   lab_entry_generic, beast_lair_carwin_6
Lair:2:   statuecave_lemuel, minmay_shoals_entry_lonely_mermaid,
          gammafunk_lair_bear_cave, lemuel_fruit_fields
Lair:3:   spider_nest_entry_funnel_web, worms_lemuel
Lair:4:   nzn_motion_control, nicolae_volcano_entry_lava_flow
Lair:5:   regret_index_wax_grids, serial_bayou_pond_c
Lair:6:   evil_forest, nicolae_slime_entry_slimehenge, patterned_corridor
Orc:1:    basic_altar
Orc:2:    kennysheep_orc_mage_school
Elf:1:    minmay_elf_arrival_summoners, kennysheep_underground_church
Abyss:2:  evilmike_abyss_exit_vortex
Abyss:3:  guppyfry_abyss_exit_imp_island, hangedman_cross_veins
Lab:      labyrinth_hidden_loot, labyrinth_skeletal_remains
Volcano:  volcano_village

Skill      XL: |  1  2  3  4  5  6  7  8  9 10 11 12 13 14 15 16 |
---------------+-------------------------------------------------+-----
Conjurations   | 1 2 3 4 5 7 8 10 11 | 11.2
Fire Magic     | 3 4 5 6 7 9 10 11 13 14 15 16 | 16.4
Fighting       | 1 2 3 4 5 7 8 9 11 12 13 14 | 14.3
Spellcasting   | 3 4 5 6 7 8 10 11 12 13 | 13.2
Dodging        | 3 5 |  5.0
Armour         | 1 4 5 |  5.5
Translocations | 2 |  2.0
Shields        | 1 7 9 |  9.5
Necromancy     | 2 |  2.0
Earth Magic    | 3 |  3.1
Stealth        | |  1.4

Action                   |  1- 3 |  4- 6 |  7- 9 | 10-12 | 13-15 | 16-18 || total
-------------------------+-------+-------+-------+-------+-------+-------++-------
Melee: Unarmed           |     6 |       |       |       |       |       ||     6
       Mace              |    49 |    26 |       |       |       |       ||    75
       Quarterstaff      |       |    36 |    34 |       |       |       ||    70
       Whip              |       |       |    16 |   146 |    34 |       ||   196
       Trident           |       |       |       |   128 |    55 |       ||   183
       Staff             |       |       |       |     4 |    55 |    25 ||    84
       Flail             |       |       |       |       |     6 |    66 ||    72
Throw: Stone             |     2 |       |     2 |       |       |       ||     4
 Cast: Flame Tongue      |    45 |    88 |   192 |   208 |   195 |    38 ||   766
       Conjure Flame     |     1 |     1 |    12 |    17 |    20 |     9 ||    60
       Fireball          |       |       |     4 |    79 |   432 |   159 ||   674
       Sting             |       |       |       |    43 |       |       ||    43
       Sticky Flame      |       |       |       |    77 |   188 |    82 ||   347
       Throw Icicle      |       |       |       |     5 |    37 |    37 ||    79
       Iron Shot         |       |       |       |       |       |    48 ||    48
       Regeneration      |       |       |       |       |       |     3 ||     3
Evoke: Wand              |       |       |     7 |    29 |    17 |    10 ||    63
  Use: Scroll            |       |     5 |     9 |    12 |     9 |    15 ||    50
       Potion            |       |       |       |    11 |     2 |     2 ||    15
 Stab: Sleeping          |     1 |     1 |       |       |       |       ||     2
       Distracted        |       |       |       |       |       |     1 ||     1
  Eat: Chunk             |     4 |     9 |    19 |    31 |    82 |    22 ||   167
       Ration            |       |     1 |     1 |    11 |    16 |    12 ||    41
Armor: Robe              |    19 |    44 |    44 |    43 |       |     6 ||   156
       Steam dragon scal |       |       |       |   187 |   194 |    21 ||   402
       Troll leather arm |       |       |       |       |       |    58 ||    58
Dodge: Dodged            |    60 |    67 |    63 |   311 |   229 |    95 ||   825
Block: Shield            |       |       |       |       |    70 |   139 ||   209

Table legend:
 A = Spawn XP
 B = Non-spawn XP
 C = Spawn XP percentage of total XP
 D = Spawn monster count
 E = Non-spawn monster count
 F = Spawn count percentage of total count
 G = Total turns spent on level
                    A         B        C        D         E        F      G
               +---------+---------+-------+---------+---------+-------+---------
         Total |    2222 |  174379 |   1.3 |      12 |     863 |   1.4 | 57282
               +---------+---------+-------+---------+---------+-------+---------
           D:1 |       0 |      47 |   0.0 |       0 |      27 |   0.0 |  2022
           D:2 |       0 |     140 |   0.0 |       0 |      25 |   0.0 |  2761
           D:3 |       0 |     344 |   0.0 |       0 |      29 |   0.0 |  1666
           D:4 |       0 |     846 |   0.0 |       0 |      24 |   0.0 |  1975
           D:5 |       0 |     947 |   0.0 |       0 |      11 |   0.0 |  1248
           D:6 |       0 |     319 |   0.0 |       0 |      12 |   0.0 |  1555
           D:7 |       0 |     855 |   0.0 |       0 |      14 |   0.0 |  1425
           D:8 |       0 |    2995 |   0.0 |       0 |      33 |   0.0 |  3250
           D:9 |       0 |    2300 |   0.0 |       0 |      30 |   0.0 |  2167
          D:10 |       0 |    5523 |   0.0 |       0 |      46 |   0.0 |  3015
          D:11 |       0 |    6567 |   0.0 |       0 |      45 |   0.0 |  2771
          D:12 |       0 |    6055 |   0.0 |       0 |      24 |   0.0 |   994
          D:13 |       0 |   23262 |   0.0 |       0 |      81 |   0.0 |  4129
          D:14 |       0 |   24807 |   0.0 |       0 |      98 |   0.0 |  3052
          D:15 |       0 |   12189 |   0.0 |       0 |      38 |   0.0 |  2595
        Lair:1 |       0 |    7377 |   0.0 |       0 |      32 |   0.0 |  2393
        Lair:2 |       0 |    3337 |   0.0 |       0 |      12 |   0.0 |  1468
        Lair:3 |       0 |    7640 |   0.0 |       0 |      33 |   0.0 |  2741
        Lair:4 |       0 |    8740 |   0.0 |       0 |      22 |   0.0 |  1948
        Lair:5 |       0 |   17279 |   0.0 |       0 |      70 |   0.0 |  3404
        Lair:6 |       0 |   18049 |   0.0 |       0 |      50 |   0.0 |  3538
         Orc:1 |       0 |    3867 |   0.0 |       0 |      18 |   0.0 |  1313
         Orc:2 |       0 |   10009 |   0.0 |       0 |      66 |   0.0 |  3019
         Elf:1 |       0 |    8167 |   0.0 |       0 |      14 |   0.0 |   674
       Abyss:2 |    1536 |    1150 |  57.2 |       9 |       5 |  64.3 |   679
       Abyss:3 |     686 |      11 |  98.4 |       3 |       1 |  75.0 |   162
           Lab |       0 |    1246 |   0.0 |       0 |       1 |   0.0 |  1219
       Volcano |       0 |     311 |   0.0 |       0 |       2 |   0.0 |    37
               +---------+---------+-------+---------+---------+-------+---------
